 Dungeon Crawl Stone Soup version 0.28.0-47-ge53b351184 (webtiles) character file.

Game seed: 1597052804126611775

6153 Peloso the Carver (level 10, 0/90 HPs)
             Began as a Minotaur Fighter on May 5, 2022.
             Was a Believer of Okawaru.
             Succumbed to a vampire's poison
             ... on level 9 of the Dungeon.
             The game lasted 00:17:15 (8771 turns).

Peloso the Carver (Minotaur Fighter)                Turns: 8771, Time: 00:17:15

Health: 0/90       AC: 24    Str: 24    XL:     10   Next: 59%
Magic:  8/9        EV:  6    Int:  5    God:    Okawaru [**....]
Gold:   646        SH:  9    Dex: 11    Spells: 9/9 levels left

rFire   . . .      SeeInvis +   a - +4 falchion
rCold   . . .      Faith    .   f - +0 kite shield
rNeg    . . .      Spirit   .   g - +0 plate armour
rPois   .          Reflect  .   (helmet restricted)
rElec   .          Harm     .   (no cloak)
rCorr   .          Rampage  .   j - +1 pair of gloves
Will    .....                   s - +2 pair of boots
Stlth   ..........              m - amulet of regeneration
HPRegen 1.05/turn               l - ring of see invisible
MPRegen 0.11/turn               A - +4 ring of protection

@: lethally poisoned (0 -> -14)
A: horns 2, retaliatory headbutt
a: Renounce Religion, Heroism


You were on level 9 of the Dungeon.
You worshipped Okawaru.
Okawaru was pleased with you.
You visited 2 branches of the dungeon, and saw 10 of its levels.

You collected 646 gold pieces.

Inventory:

Hand Weapons
 a - a +4 falchion (weapon)
 b - a +1 dagger of flaming
Missiles
 E - 3 throwing nets (quivered)
Armour
 c - a +0 buckler
 f - a +0 kite shield (worn)
 g - a +0 plate armour (worn)
 j - a +1 pair of gloves (worn)
 s - a +2 pair of boots (worn)
Jewellery
 e - a ring of protection from cold
 l - a ring of see invisible (left hand)
 m - an amulet of regeneration (around neck)
 x - a ring of wizardry
 y - a +6 ring of intelligence
 A - a +4 ring of protection (right hand)
 C - a +6 ring of strength
 H - a +6 ring of intelligence
 L - a ring of magical power
Wands
 I - a wand of mindburst (11)
Scrolls
 h - 2 scrolls of immolation
 i - a scroll of holy word
 n - 3 scrolls of noise
 o - a scroll of fear
 q - a scroll of teleportation {unknown}
 r - 5 scrolls of identify
 B - a scroll of vulnerability {unknown}
 G - a scroll of acquirement {unknown}
 J - a scroll of enchant weapon {unknown}
Potions
 d - 2 potions of might
 k - 3 potions of mutation
 p - 2 potions of degeneration
 t - a potion of ambrosia {unknown}
 u - 2 potions of attraction
 v - a potion of lignification {unknown}
 w - a potion of haste {unknown}
 z - a potion of brilliance {unknown}
 F - a potion of curing {unknown}
 K - a potion of flight {unknown}


   Skills:
 + Level 8.4 Fighting
 + Level 13.1 Long Blades
 + Level 10.5 Armour
 + Level 1.3 Dodging
 + Level 1.2 Stealth
 + Level 7.2 Shields


You had 9 spell levels left.
You didn't know any spells.
Your spell library contained the following spells:

 Spells                   Type           Power      Damage    Failure   Level
 Beastly Appendage        Tmut           0%         N/A       100%        1
 Blink                    Tloc           0%         N/A       100%        2
 Corpse Rot               Necr/Air       0%         N/A       100%        2
 Poisonous Vapours        Pois/Air       0%         N/A       100%        2
 Wereblood                Tmut           0%         N/A       100%        2
 Confusing Touch          Hex            0%         N/A       100%        3
 Lesser Beckoning         Tloc           0%         N/A       100%        3
 Ozocubu's Armour         Ice            0%         N/A       100%        3
 Spider Form              Tmut/Pois      0%         N/A       100%        3
 Hailstorm                Conj/Ice       0%         3d3       100%        4
 Ice Form                 Ice/Tmut       0%         N/A       100%        4
 Manifold Assault         Tloc           0%         N/A       100%        5
 Yara's Violent Unravell  Hex/Tmut       0%         3d3       100%        5
 Dispersal                Tloc           0%         N/A       100%        6
 Enfeeble                 Hex            0%         N/A       100%        7
 Ozocubu's Refrigeration  Ice            0%         4d5       100%        7
 Disjunction              Tloc           0%         N/A       100%        8
 Simulacrum               Ice/Necr       Unusable   N/A       N/A         6

Dungeon Overview and Level Annotations

Branches:
Dungeon (9/15)             Temple (1/1) D:7
   Lair: D:8-11         Orc: D:9-12

Altars:
Ashenzari
Cheibriados
Dithmenos
Elyvilon
Gozag
Hepliaklqana
Kikubaaqudgha
Makhleb
Nemelex Xobeh
Okawaru
Qazlal
Ru
Sif Muna
Trog
Vehumet
Wu Jian
Xom
Yredelemnul
Zin
The Shining One

Shops:
D:7 *   D:8 :

Annotations:
D:7 3 runed translucent doors Anello, Peloso's ghost, novice MiFi


Innate Abilities, Weirdness & Mutations

You have a pair of horns on your head.
You reflexively headbutt those who attack you in melee.


Message History

You feel much better.
You feel very sick. You block the vampire's attack.
The vampire bites you but does no damage.
You slash the vampire!
The vampire is severely damaged.
You feel like a meek peon again.
You feel sick.
The vampire hits you but does no damage.
You are more poisoned.
The vampire bites you but does no damage.
You hit the vampire but do no damage.
The vampire is severely damaged.
You feel very sick. You block the vampire's attack.
The vampire bites you but does no damage.
You hit the vampire.
The vampire is almost destroyed.
You feel very sick.
You closely miss the vampire. Your headbutt misses the vampire.
The vampire is almost destroyed.
You feel very sick. The vampire draws life force from you!
* * * LOW HITPOINT WARNING * * *
The vampire is healed by the life force!
You hit the vampire but do no damage.
The vampire is severely damaged.
You feel sick. The vampire barely misses you. You furiously retaliate!
You headbutt the vampire. You block the vampire's attack.
You slash the vampire!
The vampire is almost destroyed.
You feel sick.
The vampire hits you with a +2 short sword of venom!
* * * LOW HITPOINT WARNING * * *
You are lethally poisoned!
You block the vampire's attack.
You hit the vampire.
You headbutt the vampire, but do no damage.
The vampire is almost destroyed.
You die...

.....# #..#..#####.##
###### #..#..# #.##
#..#..#####.##
#..#..........
#..###.####.## #..#
#....<.## #..#
##..#..## #######..#
#..#..## ##≈≈@V.####
#..##... ##.####..≈#
##.#.... #.## #≈≈..
#...##. #.# ###
#...#.. #.#.....#
#...#.. #≈#≈..≈.#
#...#..
#≈#.≈P≈≈#.....##.#.#..
#≈#...[.#≈≈..≈##.#.#..
#≈#≈≈≈≈≈#≈P≈..##.#....


You could see a vampire (invisible).

Vanquished Creatures
  Harold (D:7)
  Pikel (D:7)
  2 kobold demonologists (D:9)
  Maggie (D:5)
  A polar bear (shapeshifter) (D:9)
  Grinder (D:4)
  A wyvern (D:7)
  A wraith (D:9)
  Menkaure (D:7)
  A water moccasin (D:7)
  An ice beast (D:7)
  2 orc warriors
  3 ogres
  A necrophage (D:4)
  2 centaurs (D:8)
  2 lemures
  3 kobold brigands
  2 phantoms
  Blork the orc (D:5)
  3 bullfrogs
  2 scorpions
  10 killer bees
  9 wights
  3 howler monkeys (D:9)
  3 centaur zombies
  A jelly (D:5)
  A bullfrog zombie (D:5)
  2 hounds (D:6)
  3 orc priests
  A bullfrog skeleton (D:6)
  A gnoll shaman (D:6)
  A centaur skeleton (D:7)
  An iguana (D:7)
  8 orc wizards
  Terence (D:3)
  4 howler monkey zombies
  5 gnolls (D:6)
  7 adders
  2 white imps
  3 ufetubi (D:5)
  2 worms (D:2)
  3 dart slugs
  17 orcs
  6 endoplasms
  6 giant cockroaches
  6 goblins
  6 hobgoblins
  8 jackals
  7 quokkas
  6 ball pythons
  7 bats
  2 frilled lizards
  A jackal skeleton (D:4)
  16 kobolds
  10 rats
202 creatures vanquished.

Vanquished Creatures (others)
  5 plants (D:9)
5 creatures vanquished.

Grand Total: 207 creatures vanquished

Notes
Turn   | Place    | Note
-------+----------+-------------------------------------------
     0 | D:1      | Peloso the Minotaur Fighter began the quest for the Orb.
     0 | D:1      | Reached XP level 1. HP: 19/19 MP: 0/0
    39 | D:1      | Reached XP level 2. HP: 10/27 MP: 1/1
   513 | D:1      | Reached XP level 3. HP: 27/33 MP: 2/2
   628 | D:1      | Reached skill level 3 in Long Blades
  1015 | D:2      | Found a glowing silver altar of Zin.
  1072 | D:2      | Reached XP level 4. HP: 40/40 MP: 3/3
  1412 | D:2      | Found a faded altar of an unknown god.
  1941 | D:3      | Reached skill level 4 in Long Blades
  2084 | D:3      | Noticed Terence
  2107 | D:3      | Killed Terence
  2488 | D:4      | Reached XP level 5. HP: 27/47 MP: 4/4
  2643 | D:4      | Noticed Grinder
  2643 | D:4      | Noticed a necrophage
  2662 | D:4      | Paralysed by Grinder for 2 turns
  2665 | D:4      | Killed a necrophage
  2666 | D:4      | Reached skill level 5 in Long Blades
  2666 | D:4      | Reached skill level 5 in Armour
  2675 | D:4      | Killed Grinder
  2676 | D:4      | Reached skill level 6 in Long Blades
  2676 | D:4      | Reached XP level 6. HP: 33/55 MP: 5/5
  2898 | D:4      | Reached skill level 5 in Fighting
  2898 | D:4      | Reached XP level 7. HP: 32/61 MP: 6/6
  3338 | D:4      | Reached skill level 7 in Long Blades
  3499 | D:4      | Found a bloodstained altar of Trog.
  3603 | D:5      | Entered Level 5 of the Dungeon
  3658 | D:5      | Noticed Blork the orc
  3666 | D:5      | Killed Blork the orc
  3735 | D:5      | Found a large runed translucent door.
  3736 | D:5      | Found a large runed translucent door.
  4204 | D:5      | Reached XP level 8. HP: 64/69 MP: 7/7
  4547 | D:5      | Found an ornate altar of the Wu Jian Council.
  4555 | D:5      | Reached skill level 8 in Long Blades
  4567 | D:5      | Found a sparkling altar of Nemelex Xobeh.
  4610 | D:6      | Noticed Maggie
  4633 | D:5      | Killed Maggie
  4634 | D:5      | Reached skill level 5 in Shields
  4915 | D:6      | Reached skill level 9 in Long Blades
  5331 | D:7      | Reached XP level 9. HP: 42/78 MP: 8/8
  5515 | D:7      | Reached skill level 10 in Long Blades
  5515 | D:7      | Reached skill level 1 in Dodging
  5531 | D:7      | Noticed Menkaure
  5798 | D:7      | Killed Menkaure
  6276 | D:7      | Reached skill level 11 in Long Blades
  6350 | D:7      | Found a staircase to the Ecumenical Temple.
  6409 | D:7      | Noticed Harold
  6424 | D:7      | Killed Harold
  6425 | D:7      | Reached skill level 12 in Long Blades
  6451 | Temple   | Entered the Ecumenical Temple
  6588 | Temple   | Became a worshipper of Warmaster Okawaru
  6610 | D:7      | Noticed Pikel
  6627 | D:7      | Killed Pikel
  6628 | D:7      | Reached skill level 1 in Stealth
  6628 | D:7      | Reached XP level 10. HP: 74/88 MP: 9/9
  6762 | D:7      | Found a runed translucent gate.
  6763 | D:7      | Found a runed translucent gate.
  6763 | D:7      | Found a runed translucent gate.
  6764 | D:7      | Noticed Peloso's ghost (novice MiFi)
  6878 | D:7      | Found an opulent altar of Gozag.
  6882 | D:7      | Found Gozag's Platinum Reserve.
  7086 | D:8      | Reached * piety under Okawaru
  7512 | D:8      | Found Kizxip's Book Boutique.
  7584 | D:8      | Reached skill level 10 in Armour
  8281 | D:9      | Noticed a rust devil
  8286 | D:9      | Noticed a sun demon
  8300 | D:9      | Reached ** piety under Okawaru
  8377 | D:9      | Reached skill level 13 in Long Blades
  8760 | D:9      | HP: 4/90 [something (4)]
  8770 | D:9      | HP: 3/90 [vampire/+2 short sword of venom (11)]
  8771 | D:9      | Succumbed to a vampire's poison

Illustrated notes

Levels and vault maps discovered:
D:1:      minmay_arrival_plants_in_alcoves, layout_basic
D:2:      layout_basic, nicolae_ecumenical_lake_church, basic_altar
D:3:      layout_rooms, uniq_terence
D:4:      layout_gridville, trog_butcher_becter, uniq_grinder
D:5:      layout_loops_ring, jmf_multi_god_temple2, uniq_blork_the_orc
D:6:      layout_rooms, uniq_maggie
D:7:      layout_loops_ring, nicolae_gozag_zags_fifth_avenue,
          minmay_temple_entry_offerings, gammafunk_ghost_nasty_kobolds,
          uniq_pikel, uniq_harold, uniq_menkaure
D:8:      layout_cave_pools, serial_shops, shop
D:9:      cheibrodos_two_vegetables, layout_basic, minmay_diced_spiral
Temple:   eino_narrow_crystal_temple

Skill      XL: |  1  2  3  4  5  6  7  8  9 10 |
---------------+-------------------------------+-----
Fighting       | 4 5 6 7 8 |  8.4
Shields        | 4 5 6 7 |  7.2
Armour         | 4 5 6 8 9 10 | 10.5
Long Blades    | 3 4 6 7 9 12 13 | 13.1
Dodging        | 1 |  1.3
Stealth        | 1 |  1.2

Action                   |  1- 3 |  4- 6 |  7- 9 | 10-12 || total
-------------------------+-------+-------+-------+-------++-------
Melee: Long sword        |    68 |    99 |   244 |       ||   411
       Headbutt          |    10 |    13 |    66 |    40 ||   129
       Falchion          |       |       |    53 |   185 ||   238
Invok: Heroism           |       |       |       |     3 ||     3
  Use: Scroll            |       |       |     7 |     1 ||     8
       Potion            |       |       |     2 |     2 ||     4
Armor: Scale mail        |     8 |       |       |       ||     8
       Plate armour      |    43 |   105 |   191 |   125 ||   464
Dodge: Dodged            |    26 |    36 |   115 |    45 ||   222
Block: Buckler           |    14 |    22 |    75 |    28 ||   139
       Kite shield       |       |       |       |    41 ||    41
